 Dungeon Crawl Stone Soup version 0.27.1-33-g824d729ab1 (webtiles) character file.

Game seed: 6895380099646920630

410 Descartes the Charlatan (level 6, -1/32 HPs)
             Began as a Spriggan Wanderer on Dec 9, 2021.
             Killed by divine providence
             ... invoked by an orc priest
              (13 damage)
             ... on level 4 of the Dungeon.
             The game lasted 00:06:29 (5291 turns).

Descartes the Charlatan (Spriggan Wanderer)         Turns: 5291, Time: 00:06:30

Health: -1/32      AC:  2    Str: 10    XL:     6   Next: 58%
Magic:  11/11      EV: 17    Int: 16    God:
Gold:   117        SH:  0    Dex: 12    Spells: 11/11 levels left

rFire    . . .     SeeInvis +   o - +1 dagger (venom)
rCold    . . .     Faith    .   (shield restricted)
rNeg     . . .     Spirit   .   d - +0 robe
rPois    .         Reflect  .   (helmet restricted)
rElec    .         Harm     .   (no cloak)
rCorr    .         Rampage  .   (gloves unavailable)
Will     +....                  (boots unavailable)
Stlth    +++.......             (no amulet)
HPRegen  0.10/turn              (no ring)
MPRegen  0.12/turn              (no ring)

@: about to teleport, very quick
A: very small, no large weapons, unfitting armour, see invisible, speed 3
a: no special abilities


You were on level 4 of the Dungeon.
You visited 1 branch of the dungeon, and saw 5 of its levels.

You collected 117 gold pieces.

Inventory:

Hand Weapons
 o - a +1 dagger of venom (weapon)
Missiles
 g - 135 stones (quivered)
 j - 13 sling bullets
 m - 21 arrows
 s - 7 atropa-tipped darts
 v - 4 poisoned darts
Armour
 d - a +0 robe (worn)
Jewellery
 p - a ring of fire
Scrolls
 c - 3 scrolls of teleportation
 e - a scroll of amnesia {unknown}
 f - 2 scrolls of fear {unknown}
 h - 5 scrolls of identify {unknown}
 i - a scroll of holy word {unknown}
 l - a scroll of noise {unknown}
 n - a scroll of magic mapping {unknown}
 q - a scroll of enchant armour {unknown}
 r - 3 scrolls of enchant weapon {unknown}
 t - a scroll of torment {unknown}
 u - a scroll of vulnerability {unknown}
Potions
 a - a potion of brilliance {unknown}
 b - 2 potions of lignification
 k - 2 potions of heal wounds {unknown}


   Skills:
 - Level 3.0 Fighting
 + Level 3.6(3.8) Short Blades
 - Level 1.0(2.0) Long Blades
 + Level 3.9 Dodging
 + Level 4.3 Stealth
 + Level 3.2 Spellcasting
 + Level 1.5 Poison Magic
 + Level 4.3 Evocations


You had 11 spell levels left.
You didn't know any spells.
Your spell library was empty.

Dungeon Overview and Level Annotations

Branches:
Dungeon (5/15)
 Temple: D:4-7

Altars:
Sif Muna
Vehumet


Innate Abilities, Weirdness & Mutations

You are very small and have problems with some larger weapons.
You are too small for most types of armour.
You have supernaturally acute eyesight. (SInv)
You cover ground extremely quickly. (Speed+++)


Message History

The jackal is moderately wounded.
The jackal completely misses you.
You hit the jackal.
The jackal is severely wounded.
The jackal misses you.
You closely miss the jackal.
The jackal is severely wounded.
The jackal barely misses you.
You hit the jackal but do no damage.
The jackal is poisoned.
The jackal is severely wounded.
The jackal completely misses you.
You hit the jackal.
The jackal is almost dead.
The jackal barely misses you.
You closely miss the jackal.
The jackal is almost dead.
The jackal completely misses you.
An orc priest comes into view.
It is wielding a +2 flail of protection.
The jackal barely misses you.
You miss the jackal.
The jackal is almost dead.
You kill the jackal!
The orc priest shouts!
You hit the kobold.
The kobold is poisoned.
The kobold is severely wounded.
You hear a shout!
You kill the kobold!
An orc comes into view. It is wielding a +0 trident.
You hear a shout!
An orc comes into view. It is wielding a +0 club.
A hobgoblin comes into view.
Items here: ) †††.
Found a scroll labelled ELA ORO EDA and a mace.
As you read the scroll of teleportation, it crumbles to dust.
You feel strangely unstable.
You are too injured to fight recklessly!
You are too injured to fight recklessly!
The orc priest mumbles some strange prayers to Beogh against you.
Beogh smites you!
You die...

..#
#.##.......
# #..).## #
#..#o.## #
##.#o..# #
###...# #
##..# ##.#
#.## #@.#
#..# #..#
#..# ##..
#..# ####


You could see an orc priest and an orc.

Vanquished Creatures
  An ogre (D:5)
  A howler monkey (D:5)
  Terence (D:2)
  2 iguanas
  Natasha (thrice) (D:2)
  4 gnolls (D:3)
  3 adders
  2 worms
  A dart slug (D:1)
  2 orcs
  3 ball pythons
  4 endoplasms
  5 giant cockroaches
  2 goblins (D:2)
  2 hobgoblins
  7 jackals
  6 kobolds
  A quokka (D:1)
  A ball python zombie (D:1)
  5 bats
  4 frilled lizards
  A quokka zombie (D:1)
  5 rats
66 creatures vanquished.

Notes
Turn   | Place    | Note
-------+----------+-------------------------------------------
     0 | D:1      | Descartes the Spriggan Wanderer began the quest for the
                  | Orb.
     0 | D:1      | Descartes set off with the following items: a +2 short
                  | sword, a potion of lignification, a scroll of
                  | teleportation, a +0 robe
     0 | D:1      | Reached XP level 1. HP: 11/11 MP: 2/2
  1079 | D:1      | Reached XP level 2. HP: 13/16 MP: 2/4
  1161 | D:1      | You fall into a shaft and drop 1 floor!
  1532 | D:2      | Found a radiant altar of Vehumet.
  1568 | D:2      | Found a faded altar of an unknown god.
  1570 | D:2      | Noticed Natasha
  1571 | D:2      | Noticed a crimson imp
  1586 | D:2      | Killed Natasha
  1587 | D:2      | Reached skill level 1 in Spellcasting
  1587 | D:2      | Reached XP level 3. HP: 15/19 MP: 5/5
  1823 | D:2      | Noticed Natasha
  1838 | D:2      | Killed Natasha
  1896 | D:2      | Reached XP level 4. HP: 23/23 MP: 7/7
  1918 | D:2      | Noticed Natasha
  1925 | D:2      | Killed Natasha
  2230 | D:2      | Noticed Terence
  2248 | D:2      | Killed Terence
  2856 | D:3      | Reached XP level 5. HP: 28/28 MP: 9/9
  3039 | D:3      | You fall into a shaft and drop 2 floors!
  3039 | D:5      | Entered Level 5 of the Dungeon
  3050 | D:5      | Noticed an ogre
  3072 | D:5      | Killed an ogre
  3073 | D:5      | Reached skill level 1 in Poison Magic
  3073 | D:5      | Reached XP level 6. HP: 25/32 MP: 9/11
  3468 | D:4      | Found a shimmering blue altar of Sif Muna.
  5291 | D:4      | Killed from afar by an orc priest

Illustrated notes

Levels and vault maps discovered:
D:1:      saegor_arrival_fortress, layout_loops_ring
D:2:      layout_basic, basic_ecumenical_altar, basic_altar,
          minmay_fractal_squares_gapless_5, uniq_natasha, uniq_terence
D:3:      layout_loops_cross, grunt_ministairs_5, minmay_misc_feat_room
D:4:      layout_rooms, mainiacjoe_overflow_cross_hatched
D:5:      layout_basic, uniq_crazy_yiuf_cottage, uniq_prince_ribbit1

Skill      XL: |  1  2  3  4  5  6 |
---------------+-------------------+-----
Stealth        | 2 3 4 |  4.3
Dodging        | 2 3 |  3.9
Spellcasting   | 1 2 3 |  3.2
Evocations     | 3 4 |  4.3
Short Blades   | 3 |  3.6
Fighting       | 3 |  3.0
Poison Magic   | 1 |  1.5
Long Blades    | |  1.0

Action                   |  1- 3 |  4- 6 || total
-------------------------+-------+-------++-------
Melee: Short sword       |    41 |       ||    41
       Dagger            |    28 |   173 ||   201
  Use: Scroll            |       |     1 ||     1
 Stab: Sleeping          |     4 |     9 ||    13
       Distracted        |     1 |     2 ||     3
Armor: Robe              |     7 |    13 ||    20
Dodge: Dodged            |    49 |   119 ||   168
